 Dungeon Crawl Stone Soup version 0.30.0-11-gf55b779eaf (webtiles) character file.

Game seed: 2367210073779318451

1585567 cforsyth the Sorcerer (level 27, 228/228 HPs)
             Began as a Djinni Conjurer on May 15, 2023.
             Was the Champion of Ashenzari.
             Escaped with the Orb
             ... and 3 runes on May 16, 2023!
             The game lasted 04:27:57 (80856 turns).

cforsyth the Sorcerer (Djinni Conjurer)            Turns: 80856, Time: 04:27:57

Health: 228/228    AC: 22    Str:  8    XL:     27
Gold:   11387      EV: 27    Int: 37    God:    Ashenzari [******] SH: 18 Dex: 17

rFire   + + .        R - staff of poison of Ashenzari's Pleiades (curse) {rElec rPois rN+ Str+2 Dex+3, Evo, Self} (curse)
rCold   + . .        T - +2 kite shield of Supernal Wisdom {AC+3, Self, Evo} (curse)
rNeg    + . .        E - +5 leather armour of the Chained Pleiades {rC+ Stlth+, Fort, Cun} (curse)
rPois   ∞            D - +1 hat of the Enlightened Seer {Int+5, Self, Range} (curse)
rElec   +            g - +2 cloak "I Knew You'd Do That" {rCorr, Self, Cun} (curse)
rCorr   +            I - +2 pair of gloves of Desmomancy {rCorr, Fort, Cun} (curse)
SInv    +            (boots unavailable)
Will    +++..        J - amulet "Manifest Suspicion" {Regen+, Self, Evo} (curse)
Stlth   +++          a - ring "Manifest Ordeal" {rC+, Self, Evo} (curse)
HPRegen 1.38/turn    F - ring "Optimism of Ashenzari" {Fly Will+, Range, Melee} (curse)
MPRegen 0.00/turn

%: clarity
@: flying, studying 5 skills
A: sickness immunity, fire resistance 2, cold vulnerability 1, float, innate
caster, HP casting, extra vitality 1
0: Orb of Zot
}: 3/15 runes: serpentine, barnacled, silver
a: Renounce Religion, Shatter the Chains


You escaped.
You worshipped Ashenzari.
Ashenzari was exalted by your worship.
You visited 11 branches of the dungeon, and saw 51 of its levels.
You also visited: Trove, Sewer, Ossuary and Bailey.

You collected 11754 gold pieces.
You spent 367 gold pieces at shops.

Inventory:

Armour
 g - the cursed +2 cloak "I Knew You'd Do That" (worn) {rCorr, Self, Cun}
   (You found it in a bailey)

   It has a curse which improves the following skills: Introspection: Fighting
   and Spellcasting.
   Cunning:   Dodging and Stealth.
 D - the cursed +1 hat of the Enlightened Seer (worn) {Int+5, Self, Range}
   (You found it on level 13 of the Dungeon)

   Int:       It affects your intelligence (+5).
   It has a curse which improves the following skills: Introspection: Fighting
   and Spellcasting.
   Ranged Combat: Ranged Weapons and Throwing.
 E - the cursed +5 leather armour of the Chained Pleiades (worn) {rC+ Stlth+, Fort, Cun}
   (You found it on level 3 of the Depths)

   rC:        It protects you from cold.
   Stlth:     It makes you more stealthy.
   It has a curse which improves the following skills: Fortitude: Armour and
   Shields.
   Cunning:   Dodging and Stealth.
 I - the cursed +2 pair of gloves of Desmomancy (worn) {rCorr, Fort, Cun}
   (You found it on level 1 of the Vaults)

   rCorr:     It protects you from acid and corrosion.
   It has a curse which improves the following skills: Fortitude: Armour and
   Shields.
   Cunning:   Dodging and Stealth.
 K - a +2 hat
 T - the cursed +2 kite shield of Supernal Wisdom (worn) {AC+3, Self, Evo}
   (You took it off a naga warrior on level 2 of the Snake Pit)

   It has a curse which improves the following skills: Introspection: Fighting
   and Spellcasting.
   Evocations: Evocations.
Magical Staves
 R - the cursed staff of poison of Ashenzari's Pleiades (weapon) {rElec rPois rN+ Str+2 Dex+3, Evo, Self}
   (You acquired it on level 5 of the Dungeon)

   [staff of poison]

   Your inability to study Poison Magic prevents you from drawing on the full
   power of this staff in melee.
   Base accuracy: +5 Base damage: 5 Base attack delay: 1.2 This weapon's minimum
   attack delay (0.6) is reached at skill level 12.
   Str:       It affects your strength (+2).
   Dex:       It affects your dexterity (+3).
   rElec:     It insulates you from electricity.
   rPois:     It protects you from poison.
   rN:        It protects you from negative energy.
   It falls into the 'Staves' category.
   It is a one-handed weapon.
   It has a curse which improves the following skills: Evocations: Evocations.
   Introspection: Fighting and Spellcasting.
Jewellery
 a - the cursed ring "Manifest Ordeal" (left hand) {rC+, Self, Evo}
   (You took it off a merfolk siren on level 2 of the Shoals)

   [ring of protection from cold]

   rC:        It protects you from cold.
   It has a curse which improves the following skills: Introspection: Fighting
   and Spellcasting.
   Evocations: Evocations.
 e - a ring of positive energy
 h - the ring "Giczoing" {rC+ Will- Int+6 Dex+3}
   (You found it on level 5 of the Vaults)

   [ring of intelligence]

   Int:       It affects your intelligence (+6).
   Dex:       It affects your dexterity (+3).
   rC:        It protects you from cold.
   Will:      It decreases your willpower.
 i - the ring of Suifew {Ice rElec Str-3 Int+7 Stlth+}
   (You found it on level 4 of the Depths)

   [ring of ice]

   It enhances your ice magic.
   Str:       It affects your strength (-3).
   Int:       It affects your intelligence (+7).
   rF:        It makes you vulnerable to fire.
   rC:        It protects you from cold.
   rElec:     It insulates you from electricity.
   Stlth:     It makes you more stealthy.
 q - the ring of Nicyosm {MP+9 Int+6 Slay+3}
   (You found it on level 3 of the Crypt)

   [ring of intelligence]

   Int:       It affects your intelligence (+6).
   Slay:      It affects your accuracy & damage with ranged weapons and melee
   (+3).
   MP:        It affects your magic capacity (+9).
 t - a +6 ring of intelligence
 F - the cursed ring "Optimism of Ashenzari" (right hand) {Fly Will+, Range, Melee}
   (You found it on level 7 of the Dungeon)

   [ring of flight]

   Fly:       It grants you flight.
   Will:      It increases your willpower.
   It has a curse which improves the following skills: Ranged Combat: Ranged
   Weapons and Throwing.
   Melee Combat: Short Blades, Long Blades, Axes, Maces & Flails, Polearms,
   Staves and Unarmed Combat.
 J - the cursed amulet "Manifest Suspicion" (around neck) {Regen+, Self, Evo}
   (You found it on level 4 of the Shoals)

   [amulet of regeneration]

   Regen:     It increases your rate of health regeneration.
   It has a curse which improves the following skills: Introspection: Fighting
   and Spellcasting.
   Evocations: Evocations.
 S - a ring of protection from fire
 V - the ring "Reabusan" {Ice Fly Str+3}
   (You took it off a spriggan on level 5 of the Lair of Beasts)

   [ring of ice]

   It enhances your ice magic.
   Str:       It affects your strength (+3).
   rF:        It makes you vulnerable to fire.
   rC:        It protects you from cold.
   Fly:       It grants you flight.
 Y - a ring of positive energy
Wands
 r - a wand of paralysis (63)
 y - a wand of roots (65)
 A - a wand of mindburst (70)
 G - a wand of flame (129)
 M - a wand of acid (46)
 W - a wand of polymorph (25)
 Z - a wand of digging (18)
Scrolls
 b - 7 scrolls of fear
 c - 26 scrolls of teleportation
 f - 7 scrolls of fog
 k - 8 scrolls of poison
 n - 12 scrolls of enchant armour
 L - 3 scrolls of silence
 Q - 8 scrolls of summoning
 U - 10 scrolls of blinking
 X - 6 scrolls of magic mapping
Potions
 d - 35 potions of curing
 j - 10 potions of berserk rage
 l - 12 potions of brilliance
 m - 13 potions of invisibility
 o - 9 potions of might
 p - 9 potions of attraction
 u - 9 potions of ambrosia
 v - 13 potions of heal wounds
 x - 7 potions of mutation
 z - 6 potions of resistance
 C - 4 potions of cancellation
 H - 6 potions of lignification
 O - 11 potions of haste


   Skills:
 - Level 19.8(27) Fighting
 + Level 16.4(19.8) Armour
 - Level 24.3(27) Dodging
 - Level 14.0(18.7) Stealth
 + Level 16.6(20.0) Shields
 - Level 25.0(27) Spellcasting
 - Level 12.0(17.7) Evocations


You knew the following spells:

 Your Spells              Type           Power      Damage    Failure   Level
a - Magic Dart            Conj           100%       1d8       0%          1
b - Searing Ray           Conj           100%       2d8       0%          2
c - Dazzling Flash        Conj/Hex       100%       N/A       0%          3
d - Fulminant Prism       Conj/Hex       64%        3d26      0%          4
e - Iskenderun's Mystic   Conj/Tloc      100%       2d19      0%          4
f - Summon Small Mammal   Summ           100%       N/A       0%          1
g - Wereblood             Tmut           100%       N/A       0%          2
h - Tukima's Dance        Hex            100%       N/A       0%          3
i - Summon Ice Beast      Ice/Summ       100%       N/A       0%          4
j - Ice Form              Ice/Tmut       100%       N/A       0%          4
k - Arcjolt               Conj/Air       64%        1d74      0%          5
l - Death Channel         Necr           64%        N/A       0%          6
m - Dispersal             Tloc           64%        N/A       0%          6
n - Summon Cactus Giant   Summ           64%        N/A       0%          6
o - Ignition              Fire           64%        3d17      1%          8
p - Summon Hydra          Summ           64%        N/A       0%          7
q - Infestation           Necr           64%        N/A       1%          8
r - Fire Storm            Conj/Fire      64%        8d16      1%          9
Your spell library was empty.

Dungeon Overview and Level Annotations

Branches:
Dungeon (15/15)            Temple (1/1) D:5            Lair (5/5) D:10
 Shoals (4/4) Lair:2        Snake (4/4) Lair:3        Slime (0/5) Lair:5
    Orc (2/2) D:10            Elf (3/3) Orc:2        Vaults (5/5) D:13
  Crypt (3/3) Vaults:3       Tomb (0/3) Crypt:3      Depths (4/4) D:15
    Zot (5/5) Depths:4      Sewer (visited)         Ossuary (visited)
 Bailey (visited)

Altars:
Ashenzari
Cheibriados
Dithmenos
Elyvilon
Fedhas
Gozag
Hepliaklqana
Makhleb
Nemelex Xobeh
Okawaru
Qazlal
Ru
Trog
Uskayaw
Wu Jian
Xom
Yredelemnul
Zin
The Shining One
Jiyva
Lugonu

Shops:
D:7 ![   Orc:2 ==??!:(((   Elf:2 =   Shoals:2 ([   Snake:2 (![((*   Vaults:1 :

Portals:
Hell: Depths:1 Depths:2 Depths:3 Depths:4
Abyss: Lair:5 Depths:1 Depths:2 Depths:3
Pandemonium: Depths:2 Depths:3
Ziggurat: Depths:3


Innate Abilities, Weirdness & Mutations

You are immune to sickness and miasma.
You are immune to poison.
Your flesh is very heat resistant. (rF++)
You are vulnerable to cold. (rC-)
You float through the air rather than walking.
You learn spells naturally, not from books.
Your magical power is your life essence.
You have superior vitality. (+4 MHP)


Message History

Confirm with . or Enter, or press ? or * to list all spells.
You erupt in a blast of force!
The mystic blast hits the Orb Guardian!
The Orb Guardian is moderately wounded.
The Orb Guardian is knocked back by the mystic blast.
You fly upwards.
There is a stone staircase leading down here.
(D) Dungeon (T) Temple (L) Lair (A) Shoals (P) Snake Pit (M) Slime Pits (O) Orcish Mines (E) Elven Halls (V) Vaults (C) Crypt (W) Tomb (U) Depths (H) Hell (Z) Zot
Where to? (Enter - D:4, ? - help) HP restored.
There is a stone staircase leading up here.
You fly upwards.
There is a stone staircase leading down here.
(D) Dungeon (T) Temple (L) Lair (A) Shoals (P) Snake Pit (M) Slime Pits (O) Orcish Mines (E) Elven Halls (V) Vaults (C) Crypt (W) Tomb (U) Depths (H) Hell (Z) Zot
Where to? (Enter - D:3, ? - help)
There is a stone staircase leading up here.
You fly upwards.
There is a stone staircase leading down here.
(D) Dungeon (T) Temple (L) Lair (A) Shoals (P) Snake Pit (M) Slime Pits (O) Orcish Mines (E) Elven Halls (V) Vaults (C) Crypt (W) Tomb (U) Depths (H) Hell (Z) Zot
Where to? (Enter - D:2, ? - help)
You see here 5 stones.
There is a stone staircase leading up here.
You fly upwards.
There is a stone staircase leading down here.
(D) Dungeon (T) Temple (L) Lair (A) Shoals (P) Snake Pit (M) Slime Pits (O) Orcish Mines (E) Elven Halls (V) Vaults (C) Crypt (W) Tomb (U) Depths (H) Hell (Z) Zot
Where to? (Enter - D:1, ? - help)
Okay, then.
There is a staircase leading out of the dungeon here.
You have escaped!

#....#.###.####### #.#
#....#...#.......## #.#
#....###.#..####..####.#
#....###.#.## ##.##...########
##'#....)..# #.#..#........#
####.#.......## ##......######.#
.....#..≈≈≈≈..####..≈≈≈≈..# #.#
######.≈≈≈≈≈≈......≈≈≈≈≈§§# #.#
#....≈≈≈≈≈≈..>@..≈≈≈≈§≈.# #.#
#..#.≈≈≈≈≈≈.....§≈§≈≈≈≈.# #.#
###..#..≈≈≈≈(..##...≈§≈≈..#####.#
..............#..........#.......
................#..........####.#
##..####.#########.>............#
..#......# #.........#######
#.#.#....### #########.# #
#.#.#......## #....##.# #


There were no monsters in sight!

Vanquished Creatures
  5 dread liches (Zot:4)
  3 ancient liches (Zot:5)
  4 orbs of fire
  Josephina (Depths:2)
  Bai Suzhen (Shoals:3)
  10 Killer Klowns (Zot:5)
  The ghost of Gucom the Timeless, a veteran GnFi of Cheibriados (Depths:4)
  Parghit (Depths:4)
  Saint Roka (Snake:3)
  7 golden dragons
  A caustic shrike (Depths:4)
  Vashnia (Snake:4)
  4 curse toes
  4 bone dragons
  2 doom hounds (Depths:4)
  Zenata (Vaults:1)
  3 electric golems
  25 Orb Guardians (Zot:5)
  9 tentacled monstrosities
  Grunn (Depths:4)
  8 liches
  6 titans
  6 quicksilver dragons
  5 death cobs
  3 deep elf blademasters
  4 deep elf master archers (Elf:3)
  3 krakens
  9 sphinxes
  11 ancient champions
  Polyphemus (Shoals:4)
  13 tengu reavers
  A sphinx (shapeshifter) (Depths:3)
  Roxanne (D:15)
  11 storm dragons
  Ilsuiw (Shoals:2)
  4 revenants
  17 shadow dragons
  5 draconian knights
  12 draconian monks
  An azure jelly (shapeshifter) (Vaults:5)
  5 nagarajas (Snake:4)
  8 frost giants
  23 vault wardens
  5 iron dragons
  5 deep elf sorcerers
  6 fire giants
  A ghost moth (Zot:2)
  7 draconian scorchers
  A ghoul (Crypt:3)
  2 curse skulls
  3 draconian shifters
  2 balrugs
  22 ironbound preservers
  4 draconian stormcallers
  A caustic shrike skeleton (Crypt:1)
  2 orc warlords (Vaults:4)
  2 caustic shrike zombies
  2 angels (Depths:3)
  The ghost of HilariousDeathArtist the Basher, a journeyman GrCA of Ignis (D:13)
  4 war gargoyles
  2 deep elf elementalists (Elf:3)
  3 reapers
  5 spriggan defenders
  8 draconian annihilators
  7 ironbound thunderhulks
  18 stone giants
  12 black draconians
  25 very ugly things
  10 vampire knights
  A juggernaut skeleton (Crypt:1)
  11 yellow draconians
  5 deep elf demonologists (Elf:3)
  A lorocyproca (D:15)
  11 green draconians
  10 deep elf annihilators
  A spark wasp (shapeshifter) (D:14)
  14 white draconians
  7 red draconians
  7 spark wasps
  14 purple draconians
  9 dire elephants
  10 deep elf death magi
  5 eidola
  An iron golem (Depths:1)
  10 ettins
  A merfolk javelineer (Depths:1)
  11 yaktaur captains
  A green death (Depths:2)
  3 entropy weavers
  10 fire dragons
  7 merfolk impalers
  12 deep elf high priests
  10 jiangshi
  6 great orbs of eyes
  6 ice dragons
  35 vault guards
  2 peacekeepers (Vaults:3)
  3 catoblepae
  6 rakshasas (Depths:2)
  Harold (Lair:2)
  4 spriggan air magi
  2 salamander tyrants
  A hydra (D:14)
  4 ogre magi (Vaults:5)
  A spriggan skeleton (Crypt:3)
  9 centaur warriors
  12 ironbound frosthearts
  The ghost of Lyung the Destroyer, a journeyman DsCj of Gozag (D:13)
  10 two-headed ogres
  5 boulder beetles
  A hydra (shapeshifter) (Depths:3)
  A two-headed ogre (shapeshifter) (Depths:3)
  12 anacondas
  9 merfolk aquamancers
  3 merfolk avatars
  14 death yaks
  9 deep troll earth magi
  11 naga warriors
  10 vampire magi
  38 dancing weapons
  3 hell hogs (Depths:1)
  3 tengu warriors
  3 thrashing horrors (Lair:5)
  8 deep troll shamans
  7 shock serpents
  6 spriggan berserkers
  3 sun demons
  An orc high priest (Bailey)
  Nergalle (Lair:3)
  21 naga sharpshooters
  Amaemon (Lair:3)
  6 soul eaters
  2 hell knights (Depths:1)
  12 skeletal warriors
  16 deep elf knights
  9 iron trolls
  A golden dragon zombie (D:15)
  2 shadow wraiths
  A ghost moth zombie (Crypt:2)
  5 skysharks
  3 salamander mystics
  A skyshark (shapeshifter) (Vaults:5)
  A death drake (shapeshifter) (Depths:3)
  61 deep trolls
  13 sea snakes
  3 glowing orange brains
  Lodul (D:12)
  A spriggan rider (Depths:2)
  2 flayed ghosts
  A swamp dragon (shapeshifter) (Lair:5)
  3 large abominations (Lair:5)
  A tengu zombie (Vaults:3)
  A lindwurm (Vaults:3)
  10 orc knights
  14 phantasmal warriors
  18 ironbound convokers
  A lindwurm (shapeshifter) (Depths:3)
  12 deep elf archers
  6 wizards
  14 harpies
  7 necromancers
  31 deep elf pyromancers
  3 naga ritualists (Snake:4)
  A mana viper (shapeshifter) (Depths:3)
  A shining eye (shapeshifter) (Depths:3)
  2 stone giant zombies
  27 deep elf zephyrmancers
  10 mana vipers
  An orc sorcerer (Orc:2)
  59 ugly things
  2 oklob plants
  A guardian serpent (shapeshifter) (Depths:3)
  12 salamanders
  27 elephants
  9 manticores
  An iron dragon skeleton (Crypt:1)
  20 moths of wrath
  A rust devil (Depths:2)
  7 cyclopes
  A torpor snail (shapeshifter) (Depths:3)
  11 merfolk sirens
  12 naga magi
  2 cane toads (shapeshifter)
  2 orange demons
  6 smoke demons
  17 vault sentinels
  3 guardian serpents
  25 black mambas
  2 demonic crawlers (Elf:3)
  A gargoyle (D:11)
  4 spriggan zombies
  12 water nymphs
  A centaur skeleton (Crypt:1)
  7 cane toads
  2 rime drakes (shapeshifter)
  2 dire elephant skeletons
  3 freezing wraiths
  A kobold demonologist (Bailey)
  An anaconda simulacrum (Crypt:3)
  45 yaktaurs
  4 rime drakes
  2 efreet (D:14)
  6 guardian mummies
  2 ancient zymes (Lair:5)
  7 komodo dragons
  A golden dragon simulacrum (Depths:2)
  An unseen horror (D:7)
  A red devil (Depths:2)
  A harpy zombie (Crypt:1)
  5 tengu conjurers
  A hydra zombie (Crypt:3)
  A tyrant leech (shapeshifter) (Depths:4)
  A mana viper zombie (Crypt:1)
  6 trolls
  10 wind drakes
  A merfolk (shapeshifter) (Depths:3)
  7 polar bears
  20 merfolk
  28 blink frogs
  A fire dragon zombie (Crypt:1)
  3 hornets
  Grinder (D:4)
  2 frost giant simulacra (Depths:2)
  A tengu simulacrum (Depths:2)
  A fire giant simulacrum (Depths:2)
  15 dream sheep
  31 slime creatures
  12 snapping turtles
  An ettin zombie (Vaults:3)
  A flying skull (Vaults:3)
  5 air elementals
  A ynoxinul (Lair:5)
  A culicivora (Vaults:3)
  A shadow (D:12)
  Sigmund (D:2)
  5 spriggans
  45 yaks
  4 vampires
  A yak (shapeshifter) (Depths:3)
  8 basilisks
  8 water elementals
  6 wraiths
  2 wyverns (D:9)
  16 vampire mosquitoes
  A wind drake skeleton (Crypt:2)
  A fire elemental (Elf:2)
  4 chaos spawn (Lair:5)
  4 redbacks
  The ghost of Chodeload the Shield-Bearer, an amateur GnWn of Okawaru (D:5)
  A redback (shapeshifter) (Elf:1)
  3 steam dragons
  5 wargs
  A swamp worm (shapeshifter) (Depths:3)
  Edmund (D:6)
  2 acid dragons
  34 nagas
  5 floating eyes
  15 water moccasins
  2 water moccasins (shapeshifter)
  A sky beast (D:7)
  3 ice beasts
  46 orc warriors
  7 black bears
  17 wolves
  11 ogres
  10 boggarts
  2 ogres (shapeshifter) (Depths:3)
  16 centaurs
  A manticore skeleton (Crypt:1)
  A phantom (D:6)
  23 bullfrogs
  3 kobold brigands
  A rime drake skeleton (Crypt:3)
  4 earth elementals
  2 scorpions
  3 wights (D:6)
  A raiju zombie (Crypt:3)
  A swamp dragon simulacrum (Crypt:1)
  9 small abominations (Lair:5)
  6 killer bees (D:11)
  10 electric eels
  A howler monkey (D:14)
  A bullfrog zombie (D:4)
  2 centaur zombies
  A jelly (D:5)
  3 hounds (D:6)
  12 orc priests
  Crazy Yiuf (D:2)
  2 gnoll boudas
  A human zombie (Ossuary)
  3 sleepcaps
  Ijyb (D:4)
  3 iguanas
  15 orc wizards
  A polar bear simulacrum (D:11)
  A yak simulacrum (D:11)
  6 hell rats (Lair:2)
  A boggart skeleton (Crypt:3)
  6 wolf simulacra (D:11)
  A centaur simulacrum (D:8)
  3 hound zombies
  10 mummies
  10 gnolls
  3 river rats (Sewer)
  19 adders
  2 shadow imps
  4 white imps
  An ufetubus (D:8)
  2 adder zombies (Ossuary)
  2 dart slugs
  85 orcs
  A bat skeleton (Crypt:2)
  9 endoplasms
  8 giant cockroaches
  15 goblins
  13 hobgoblins
  6 jackals
  16 kobolds
  12 quokkas
  17 ball pythons
  9 bats
  4 frilled lizards
  A goblin zombie (Ossuary)
  A hobgoblin zombie (Ossuary)
  4 kobold zombies (Ossuary)
  An orc zombie (Ossuary)
  A quokka skeleton (Crypt:3)
  5 quokka zombies
  3 rats
  4 rat zombies (Ossuary)
  3 river rat simulacra (D:11)
  9 tentacles
2332 creatures vanquished.

Vanquished Creatures (collateral kills)
  A dread lich (Zot:4)
  Mennas (Crypt:1)
  Xtahua (Crypt:1)
  3 golden dragons
  The ghost of Esecs the Devastator, a veteran GrEE of Lugonu (Crypt:2)
  3 tentacled monstrosities
  A quicksilver dragon (Zot:1)
  A storm dragon (Zot:5)
  2 revenants
  A draconian monk (Zot:1)
  2 fire giants
  2 curse skulls (Crypt:2)
  A draconian shifter (Depths:4)
  A draconian stormcaller (Zot:5)
  A very ugly thing (Depths:2)
  An ironbound preserver (Vaults:1)
  A black draconian (Zot:1)
  2 green draconians
  A dire elephant (Vaults:1)
  2 crystal guardians
  3 jiangshi (Crypt:2)
  4 eidola
  A deep elf death mage (Crypt:1)
  A peacekeeper (Vaults:1)
  2 centaur warriors (Vaults:1)
  An azure jelly zombie (Crypt:1)
  A death knight (Crypt:2)
  A vampire mage (Crypt:2)
  A deep troll earth mage (Depths:4)
  A spriggan (Depths:2)
  A soul eater (Crypt:2)
  An iron troll (Vaults:4)
  8 skeletal warriors
  A deep troll (Depths:4)
  A flayed ghost (Crypt:2)
  2 phantasmal warriors (Crypt:2)
  A lindwurm (Vaults:3)
  A fire giant zombie (Crypt:2)
  An elephant (Lair:4)
  A shock serpent zombie (Crypt:2)
  A stone giant skeleton (Crypt:2)
  A vault sentinel (Vaults:3)
  A purple draconian zombie (Crypt:3)
  A green draconian zombie (Crypt:2)
  A human zombie (Vaults:3)
  An ice dragon zombie (Crypt:2)
  A hornet (Depths:2)
  A snapping turtle (Shoals:4)
  4 slime creatures (Vaults:1)
  2 wraiths
  A blink frog zombie (Crypt:2)
  A troll zombie (Crypt:3)
79 creatures vanquished.

Vanquished Creatures (others)
  262 fire vortices
  1188 fulminant prisms
  11 tentacles
1461 creatures vanquished.

Grand Total: 3872 creatures vanquished

Notes
Turn   | Place    | Note
-------+----------+-------------------------------------------
     0 | D:1      | cforsyth the Djinni Conjurer began the quest for the Orb.
     0 | D:1      | cforsyth set off with the following spells memorised: Magic
                  | Dart, Searing Ray, Dazzling Flash, Fulminant Prism,
                  | Iskenderun's Mystic Blast.
     0 | D:1      | Reached XP level 1. HP: 15/15 MP: 0/0
   139 | D:1      | Reached XP level 2. HP: 19/21 MP: 0/0
  1109 | D:2      | Reached XP level 3. HP: 19/25 MP: 0/0
  1109 | D:2      | Learned a level 1 spell: Summon Small Mammal
  1121 | D:2      | Reached skill level 4 in Spellcasting
  1570 | D:2      | Reached XP level 4. HP: 24/31 MP: 0/0
  1725 | D:2      | Noticed Sigmund
  1751 | D:2      | Killed Sigmund
  1752 | D:2      | Reached skill level 5 in Spellcasting
  1752 | D:2      | Reached XP level 5. HP: 20/35 MP: 0/0
  1752 | D:2      | Learned a level 2 spell: Wereblood
  1752 | D:2      | Reached XP level 6. HP: 23/40 MP: 0/0
  2157 | D:2      | Found a runed translucent door.
  2158 | D:2      | Noticed Crazy Yiuf
  2608 | D:3      | Found a sparkling altar of Nemelex Xobeh.
  2724 | D:3      | Found a hide-covered altar of Uskayaw.
  3091 | D:4      | Noticed a black bear
  3092 | D:4      | Noticed a black bear
  3206 | D:4      | Killed a black bear
  3207 | D:4      | Reached skill level 6 in Spellcasting
  3207 | D:4      | Reached XP level 7. HP: 13/45 MP: 0/0
  3207 | D:4      | Learned a level 3 spell: Tukima's Dance
  3288 | D:4      | Noticed Grinder
  3312 | D:4      | Killed Grinder
  3483 | D:4      | Reached skill level 7 in Spellcasting
  3483 | D:4      | Reached XP level 8. HP: 43/50 MP: 0/0
  3749 | D:4      | Found a blossoming altar of Fedhas.
  3765 | D:4      | Noticed an oklob plant
  3803 | D:4      | Killed an oklob plant
  3804 | D:4      | Reached skill level 8 in Spellcasting
  3875 | D:4      | Noticed Ijyb
  3881 | D:4      | Killed Ijyb
  4052 | D:4      | Reached XP level 9. HP: 45/55 MP: 0/0
  4052 | D:4      | Learned a level 4 spell: Summon Ice Beast
  4249 | D:4      | Found a basalt altar of Yredelemnul.
  4495 | D:4      | Found a bloodstained altar of Trog.
  4689 | D:5      | Entered Level 5 of the Dungeon
  4691 | D:5      | Identified 2 scrolls of acquirement
  4742 | D:5      | Found a stormy altar of Qazlal.
  4768 | D:5      | Found a sand-covered staircase.
  4773 | Ossuary  | Entered an ossuary
  4777 | Ossuary  | Reached skill level 9 in Spellcasting
  5185 | D:5      | Found a staircase to the Ecumenical Temple.
  5227 | Temple   | Entered the Ecumenical Temple
  5397 | D:5      | Found a transporter.
  5400 | D:5      | Noticed Chodeload's ghost (amateur GnWn)
  5438 | D:5      | Found a transporter.
  5816 | D:6      | Found a glowing drain.
  5888 | Sewer    | Entered a sewer
  5989 | Sewer    | Reached skill level 1 in Fighting
  6801 | D:6      | Noticed Edmund
  6812 | D:6      | Killed Edmund
  7428 | D:6      | Reached XP level 10. HP: 55/69 MP: 0/0
  7680 | D:7      | Reached skill level 10 in Spellcasting
  7809 | D:7      | Found Tuixtaso's Distillery.
  7935 | D:7      | Killed an unseen horror
  7936 | D:7      | Reached skill level 5 in Fighting
  8303 | D:7      | Found Vomofish's Armour Boutique.
  8514 | D:7      | Found a glowing silver altar of Zin.
  8557 | D:7      | Found an ornate altar of the Wu Jian Council.
  8817 | D:7      | Identified the ring "Ihoon" {Fly Will+}
  9311 | D:8      | Noticed a two-headed ogre
  9317 | D:8      | Killed a two-headed ogre
  9334 | D:8      | Reached skill level 11 in Spellcasting
  9340 | D:8      | Reached XP level 11. HP: 22/81 MP: 0/0
  9340 | D:8      | Learned a level 4 spell: Ice Form
  9917 | D:8      | Noticed a death yak
  9930 | D:8      | Killed a death yak
 10173 | D:8      | Found an opulent altar of Gozag.
 10609 | D:9      | Found a broken altar of Ashenzari.
 10626 | D:9      | Became a worshipper of Ashenzari the Shackled
 10691 | D:9      | Found a flagged portal.
 10865 | Bailey   | Entered a bailey
 11210 | Bailey   | Noticed an orc high priest
 11224 | Bailey   | Killed an orc high priest
 11326 | Bailey   | Noticed an orc knight
 11346 | Bailey   | Killed an orc knight
 11347 | Bailey   | Reached skill level 10 in Fighting
 11352 | Bailey   | Reached skill level 12 in Spellcasting
 11763 | Bailey   | Found an iron altar of Okawaru.
 12322 | D:9      | Reached XP level 12. HP: 84/91 MP: 0/0
 12655 | D:10     | Entered Level 10 of the Dungeon
 12680 | D:10     | Found a staircase to the Orcish Mines.
 13065 | D:10     | Noticed a centaur warrior
 13071 | D:10     | Killed a centaur warrior
 13369 | D:10     | Found a staircase to the Lair.
 13387 | D:10     | Reached * piety under Ashenzari
 14133 | D:11     | Reached ** piety under Ashenzari
 15136 | D:11     | Reached skill level 13 in Spellcasting
 15226 | D:12     | Noticed a two-headed ogre
 15229 | D:12     | Killed a two-headed ogre
 15462 | D:12     | Reached XP level 13. HP: 98/101 MP: 0/0
 15462 | D:12     | Learned a level 5 spell: Arcjolt
 15552 | D:12     | Reached *** piety under Ashenzari
 16032 | D:12     | Noticed Lodul
 16044 | D:12     | Found the +10 Black Knight's barding {ponderous, rPois rN+}
 16053 | D:12     | Killed Lodul
 16612 | Lair:1   | Entered Level 1 of the Lair of Beasts
 16621 | Lair:1   | Reached skill level 1 in Shields
 17073 | Lair:1   | You are sucked into a shaft and drop 1 floor!
 17075 | Lair:2   | Found a staircase to the Shoals.
 17180 | Lair:2   | Reached skill level 5 in Dodging
 17335 | Lair:2   | Noticed Harold
 17344 | Lair:2   | Killed Harold
 17587 | Lair:2   | Reached skill level 5 in Shields
 17598 | Lair:2   | Noticed a catoblepas
 17610 | Lair:2   | Killed a catoblepas
 18464 | Lair:2   | Identified the +2 pair of boots "Tiqeet" {rC++ Str+3 Dex+2}
 18778 | Lair:2   | Identified the Spellbook of Support
 18819 | Lair:3   | Acquired the staff of poison "Guath" {rElec rPois rN+ Str+2
                  | Dex+3}
 18822 | Lair:3   | Acquired 1151 gold pieces
 18823 | Lair:3   | Acquired 992 gold pieces
 18824 | Lair:3   | Acquired 783 gold pieces
 18825 | Lair:3   | Acquired 281 gold pieces
 18834 | Lair:3   | Noticed Amaemon
 18838 | Lair:3   | Killed Amaemon
 18842 | Lair:3   | Reached XP level 14. HP: 100/112 MP: 0/0
 19404 | Lair:3   | Noticed Nergalle
 19412 | Lair:3   | Killed Nergalle
 19520 | Lair:3   | Found a staircase to the Snake Pit.
 19526 | Lair:3   | Reached **** piety under Ashenzari
 20215 | Lair:4   | Reached skill level 10 in Dodging
 20787 | Lair:4   | Reached ***** piety under Ashenzari
 21287 | Lair:5   | Entered Level 5 of the Lair of Beasts
 21822 | Lair:4   | Reached XP level 15. HP: 77/121 MP: 0/0
 21822 | Lair:4   | Learned a level 6 spell: Death Channel
 22780 | Lair:5   | Identified the +0 leather armour of Ferocious Happiness
                  | {Harm rC+}
 23014 | Lair:5   | Reached skill level 14 in Spellcasting
 23022 | Lair:5   | Identified the ring "Reabusan" {Ice Fly Str+3}
 23647 | Lair:5   | Found a staircase to the Slime Pits.
 23652 | Lair:5   | Found a viscous altar of Jiyva.
 24133 | Lair:5   | Found a corrupted altar of Lugonu.
 24133 | Lair:5   | Found a one-way gate to the infinite horrors of the Abyss.
 24383 | Orc:1    | Entered Level 1 of the Orcish Mines
 24862 | Orc:1    | Identified Sif Muna's Codex of the Commander
 24943 | Orc:2    | Entered Level 2 of the Orcish Mines
 24943 | Orc:2    | Found Umisuavvuij's Weapon Shoppe.
 24943 | Orc:2    | Found Itrog's Antique Weapon Boutique.
 25711 | Orc:2    | Reached XP level 16. HP: 117/132 MP: 0/0
 26077 | Orc:2    | Reached skill level 15 in Fighting
 26222 | Orc:2    | Found Pagoeq's Jewellery Boutique.
 26337 | Orc:2    | Found Dueqale's Distillery.
 26337 | Orc:2    | Found Nudwuxur's Magic Scroll Shop.
 26337 | Orc:2    | Found Amun's Magic Scroll Boutique.
 26340 | Orc:2    | Found Pubyeptu's Book Emporium.
 26379 | Orc:2    | Reached ****** piety under Ashenzari
 26454 | Orc:2    | Found a staircase to the Elven Halls.
 26484 | Orc:2    | Found Zugexain's Weapon Shoppe.
 26648 | Orc:2    | Found Sinnawir's Jewellery Boutique.
 26966 | D:2      | Killed Crazy Yiuf
 27064 | D:5      | Killed Chodeload's ghost
 27477 | D:13     | Found a corrupted altar of Lugonu.
 27602 | D:13     | Found a gate to the Vaults.
 27841 | D:13     | Found a runed translucent gate.
 27841 | D:13     | Noticed a lich
 27845 | D:13     | Found a runed translucent gate.
 27845 | D:13     | Noticed Lyung's ghost (journeyman DsCj)
 27845 | D:13     | Noticed a lich
 27846 | D:13     | Found a runed translucent gate.
 27846 | D:13     | Identified Kikubaaqudgha's Omnibus of Abominable Rites
 27847 | D:13     | Identified the ring of Lesser Demons {Drain rElec rN+
                  | Str+3}
 27849 | D:13     | Noticed a lich
 27850 | D:13     | Noticed HilariousDeathArtist's ghost (journeyman GrCA)
 27851 | D:13     | Identified the +1 hat of the Stone Wall {Int+5}
 28293 | D:14     | Found a shimmering altar of Xom.
 28298 | D:14     | Reached skill level 15 in Spellcasting
 28842 | D:14     | Found a broken altar of Ashenzari.
 29059 | D:14     | Found a shimmering altar of Xom.
 29060 | D:14     | Found a shimmering altar of Xom.
 29063 | D:14     | Found a shimmering altar of Xom.
 29064 | D:14     | Found a shimmering altar of Xom.
 29064 | D:14     | Found a shimmering altar of Xom.
 29375 | D:15     | Entered Level 15 of the Dungeon
 29410 | D:15     | Identified Roxanne's Atlas of Changing
 29410 | D:15     | Noticed Roxanne
 29431 | D:15     | Killed Roxanne
 29977 | D:15     | Found a staircase to the Depths.
 30820 | Snake:1  | Entered Level 1 of the Snake Pit
 31808 | Snake:2  | Reached XP level 17. HP: 127/146 MP: 0/0
 31808 | Snake:2  | Learned a level 6 spell: Dispersal
 31967 | Snake:2  | Found Puff's Antique Weapon Shoppe.
 31975 | Snake:2  | Found Qaficeim's Antique Armour Shoppe.
 31975 | Snake:2  | Found Pikk's Distillery.
 31989 | Snake:2  | Found Myissiymp's Weapon Emporium.
 32092 | Snake:2  | Bought a potion of haste for 150 gold pieces
 32421 | Snake:2  | Found Viuff's Weapon Shop.
 32547 | Snake:2  | Found Atwumota's CLEARANCE SALE!.
 32556 | Snake:2  | Bought a scroll of blinking for 45 gold pieces
 33148 | Snake:3  | Reached skill level 16 in Spellcasting
 33395 | Snake:3  | Noticed Saint Roka
 33419 | Snake:3  | Killed Saint Roka
 34611 | Snake:4  | Entered Level 4 of the Snake Pit
 35465 | Snake:4  | Noticed Vashnia
 35469 | Snake:4  | HP: 1/149 [naga sharpshooter/arrow[Vashnia] (18)]
 35862 | Snake:4  | Killed Vashnia
 35989 | Snake:4  | Reached XP level 18. HP: 149/157 MP: 0/0
 36671 | Snake:4  | Reached skill level 17 in Spellcasting
 37270 | Snake:4  | Got a serpentine rune of Zot
 37429 | Shoals:1 | Entered Level 1 of the Shoals
 37837 | Shoals:1 | Reached skill level 1 in Armour
 38293 | Shoals:1 | Identified the +0 plate armour of Oblivion {*Slow rPois
                  | Will+++ Dex+3}
 39444 | Shoals:2 | Found Mifol's Weapon Shoppe.
 39560 | Shoals:2 | Noticed a kraken
 39566 | Shoals:2 | Killed a kraken
 39607 | Shoals:2 | Found Jypokh's Antique Armour Emporium.
 39615 | Shoals:2 | Bought a pair of glowing gloves for 172 gold pieces
 39800 | Shoals:2 | Noticed Ilsuiw
 39820 | Shoals:2 | Killed Ilsuiw
 39821 | Shoals:2 | Reached skill level 5 in Armour
 39821 | Shoals:2 | Reached XP level 19. HP: 80/164 MP: 0/0
 39821 | Shoals:2 | Learned a level 6 spell: Summon Cactus Giant
 40048 | Shoals:2 | Found Paidea's Weapon Shoppe.
 40646 | Shoals:3 | Noticed Bai Suzhen
 41027 | Shoals:3 | Killed Bai Suzhen
 41548 | Shoals:4 | Entered Level 4 of the Shoals
 41889 | Shoals:4 | Reached skill level 15 in Dodging
 41946 | Shoals:4 | Noticed Polyphemus
 41957 | Shoals:4 | HP: 3/164 [Polyphemus/large rock (36)]
 41962 | Shoals:4 | Killed Polyphemus
 43512 | Shoals:4 | Identified the Tractate on Torrid Charms
 43538 | Shoals:4 | Found a sparkling altar of Nemelex Xobeh.
 43732 | Shoals:4 | Identified the staff of air "Anket" {*Slow +Blink rElec
                  | Str+8 Stlth+}
 44077 | Shoals:4 | Got a barnacled rune of Zot
 44303 | Vaults:1 | Entered Level 1 of the Vaults
 44588 | Vaults:1 | Identified the +2 pair of gloves "Sieqofro" {rCorr}
 45278 | Vaults:1 | Reached XP level 20. HP: 113/167 MP: 0/0
 45747 | Vaults:1 | Noticed Zenata
 45769 | Vaults:1 | Killed Zenata
 46266 | Vaults:1 | Found Zacytom's Book Boutique.
 46266 | Vaults:1 | Noticed a walking crystal tome
 47407 | Vaults:2 | Reached skill level 10 in Shields
 48086 | Vaults:3 | Reached XP level 21. HP: 162/174 MP: 0/0
 48086 | Vaults:3 | Learned a level 8 spell: Ignition
 48661 | Vaults:3 | Found a staircase to the Crypt.
 48859 | Vaults:3 | Noticed a golden dragon
 48876 | Vaults:3 | Killed a golden dragon
 48877 | Vaults:3 | Reached skill level 10 in Armour
 50341 | Vaults:4 | Reached skill level 5 in Stealth
 50389 | Vaults:4 | Found a portal to a secret trove of treasure.
 50668 | Vaults:4 | Reached XP level 22. HP: 164/185 MP: 0/0
 51029 | Vaults:4 | Reached skill level 18 in Spellcasting
 51638 | Vaults:5 | Entered Level 5 of the Vaults
 51859 | Vaults:5 | Noticed a golden dragon
 52461 | Vaults:4 | Killed a golden dragon
 52816 | Vaults:5 | Noticed a golden dragon
 52875 | Vaults:5 | Noticed a golden dragon
 52886 | Vaults:4 | Reached XP level 23. HP: 140/191 MP: 0/0
 52886 | Vaults:4 | Learned a level 7 spell: Summon Hydra
 52936 | Vaults:4 | Killed a golden dragon
 52937 | Vaults:4 | Reached skill level 10 in Stealth
 53046 | Vaults:5 | Killed a golden dragon
 53190 | Vaults:5 | Identified the +0 hat of Death's Door {Int+3}
 53225 | Vaults:5 | Identified the ring "Giczoing" {rC+ Will- Int+6 Dex+3}
 53259 | Vaults:5 | Identified the +0 cloak of Caustic the Leaf {-Tele rC+ rN+}
 53328 | Vaults:5 | Reached skill level 19 in Spellcasting
 54373 | Vaults:5 | Got a silver rune of Zot
 54512 | Vaults:5 | Noticed a golden dragon
 54520 | Vaults:5 | Killed a golden dragon
 54704 | Vaults:5 | Identified the +5 shortbow of the Growing Ancients
                  | {antimagic, rElec Str+3 Int+2}
 54903 | Vaults:5 | Found the +8 storm bow {elec, penet}
 55155 | Vaults:5 | Identified the +9 whip of Entrepreneurial Spirit {flame,
                  | rC- Will+ Str+5 Int+3}
 55467 | Elf:1    | Entered Level 1 of the Elven Halls
 56496 | Elf:2    | Found a runed translucent gate.
 56497 | Elf:2    | Found a runed translucent gate.
 56499 | Elf:2    | Found a runed translucent gate.
 56673 | Elf:2    | Found Dareh's Jewellery Emporium.
 56814 | Elf:2    | Reached XP level 24. HP: 162/202 MP: 0/0
 57124 | Elf:2    | Found a runed translucent gate.
 57124 | Elf:2    | Found a runed translucent gate.
 57129 | Elf:2    | Found a runed translucent gate.
 57332 | Elf:2    | Reached skill level 20 in Spellcasting
 57860 | Elf:3    | Entered Level 3 of the Elven Halls
 58648 | Elf:3    | Identified the +0 falchion of Reinforcement {flame,
                  | *Corrode rElec Dex+4 Stlth+}
 58714 | Elf:3    | Identified the +5 falchion of Cepnaiviff {heavy, rN+ Int+3
                  | Stlth+}
 58970 | Elf:3    | Identified the Volume of the Grave
 59622 | D:13     | Killed Lyung's ghost
 59623 | D:13     | Reached skill level 21 in Spellcasting
 59631 | D:13     | Reached XP level 25. HP: 106/209 MP: 0/0
 59631 | D:13     | Learned a level 8 spell: Infestation
 59632 | D:13     | Killed HilariousDeathArtist's ghost
 59878 | Crypt:1  | Entered Level 1 of the Crypt
 60077 | Crypt:1  | Noticed Mennas
 60123 | Crypt:1  | Killed Mennas
 60304 | Crypt:1  | Noticed Xtahua
 60307 | Crypt:1  | Killed Xtahua
 61560 | Crypt:2  | Reached skill level 22 in Spellcasting
 61574 | Crypt:2  | Found a runed translucent door.
 61575 | Crypt:2  | Noticed Esecs's ghost (veteran GrEE)
 62227 | Crypt:2  | Killed Esecs's ghost
 62379 | Crypt:3  | Entered Level 3 of the Crypt
 62744 | Crypt:3  | Upgraded the game from 0.30.0-10-gfe55d96785 to
                  | 0.30.0-11-gf55b779eaf
 63140 | Crypt:3  | Found a staircase to the Tomb.
 63477 | Crypt:3  | Reached XP level 26. HP: 204/218 MP: 0/0
 63493 | Crypt:3  | Found a basalt altar of Yredelemnul.
 63493 | Crypt:3  | Noticed a curse toe
 63701 | Crypt:3  | Identified the ring of Nicyosm {MP+9 Int+6 Slay+3}
 63735 | Crypt:3  | Identified the +7 short sword of Qevan {venom, Fly rN+
                  | Dex+3 Stlth-}
 63735 | Crypt:3  | Identified the +11 rapier of the Skies Above {flame, Fly
                  | rElec rF- Will++}
 63913 | Crypt:3  | Killed a curse toe
 64380 | Depths:1 | Entered Level 1 of the Depths
 64530 | D:15     | Reached skill level 23 in Spellcasting
 64911 | Depths:1 | Identified the +6 trident of Remuir {drain, *Rage Str+4
                  | Int+8}
 65010 | Depths:1 | Found a gateway to Hell.
 65291 | Depths:1 | Found a snail-covered altar of Cheibriados.
 66037 | Depths:2 | Identified the ring "Bitamn" {Ice Int+4}
 66037 | Depths:2 | Noticed Josephina
 66041 | Depths:2 | Killed Josephina
 66149 | Depths:2 | Paralysed by a floating eye for 2 turns
 66727 | Depths:2 | Reached skill level 24 in Spellcasting
 66730 | Depths:2 | Found a one-way gate leading to the halls of Pandemonium.
 67332 | Depths:2 | Identified the +6 plate armour "Wyenubb" {rF+ rC- Int+5}
 68014 | Depths:2 | Reached XP level 27. HP: 190/224 MP: 0/0
 68014 | Depths:2 | Learned a level 9 spell: Fire Storm
 68082 | Depths:3 | Found a corrupted altar of Lugonu.
 68126 | Depths:3 | Found a one-way gateway to a ziggurat.
 69103 | Depths:3 | Reached skill level 25 in Spellcasting
 69228 | Depths:3 | Identified the Annotations on the Charred Boulder
 69228 | Depths:3 | Identified the +5 leather armour "Issas" {rC+ Stlth+}
 69290 | Depths:3 | Identified the Compilation of the Illusory Hells
 70175 | Vaults:4 | You paid a toll of +5 fire dragon scales to enter a
                  | treasure trove
 70176 | Trove    | Entered a treasure trove
 70557 | Depths:4 | Entered Level 4 of the Depths
 70559 | Depths:4 | Noticed Grunn
 70566 | Depths:4 | Killed Grunn
 70751 | Depths:4 | Noticed Gucom's ghost (veteran GnFi)
 70751 | Depths:4 | Identified the ring of Suifew {Ice rElec Str-3 Int+7
                  | Stlth+}
 71088 | Depths:4 | Noticed Parghit
 71091 | Depths:4 | Killed Parghit
 71696 | Depths:4 | Found a gate to the Realm of Zot.
 71809 | Depths:4 | Found a transporter.
 71814 | Depths:4 | Identified the +6 dagger of Patterns {flame, *Rage Dex+9}
 71814 | Depths:4 | Identified the +0 pair of gloves of Maituneq {Int+3}
 71849 | Depths:4 | Found a transporter.
 72057 | Depths:4 | Found a broken altar of Ashenzari.
 72309 | Depths:4 | Paralysed by a floating eye for 4 turns
 72589 | Depths:4 | Found a transporter.
 72717 | Depths:4 | Found a gate to the Realm of Zot.
 72842 | Depths:4 | Found a broken altar of Ashenzari.
 73174 | Depths:4 | Found a transporter.
 73372 | Depths:4 | Killed Gucom's ghost
 73466 | Zot:1    | Entered Level 1 of the Realm of Zot
 73908 | Zot:1    | Identified the +1 buckler of Ilagiam {Harm rN+ MP-9}
 74927 | Zot:2    | Noticed an orb of fire
 74931 | Zot:2    | Killed an orb of fire
 75064 | Zot:2    | Identified the +1 ring mail "Lasov" {rF+}
 75319 | Zot:3    | Acquired a manual of Evocations
 75671 | Zot:3    | Reached skill level 1 in Evocations
 75735 | Zot:3    | Identified the +1 robe "Masuniath" {Archmagi}
 77285 | Zot:4    | Reached skill level 5 in Evocations
 77380 | Zot:4    | Noticed a dread lich
 77382 | Zot:4    | Killed a dread lich
 77402 | Zot:4    | Killed a dread lich
 77408 | Zot:4    | Noticed a dread lich
 77409 | Zot:4    | Killed a dread lich
 77410 | Zot:4    | Killed a dread lich
 77411 | Zot:4    | Killed a dread lich
 77430 | Zot:4    | Killed a dread lich
 77455 | Zot:4    | Identified the +1 mace of Qomum {freeze, *Rage rPois rF+}
 77466 | Zot:4    | Identified the staff of conjuration "Ipiuh" {rElec rN+++
                  | Will- Str-2}
 77636 | Zot:5    | Entered Level 5 of the Realm of Zot
 78467 | Zot:5    | Noticed a Killer Klown
 78468 | Zot:5    | Killed a Killer Klown
 78649 | Zot:5    | Noticed an orb of fire
 78652 | Zot:5    | Killed an orb of fire
 78660 | Zot:5    | Noticed an ancient lich
 78663 | Zot:5    | Killed an ancient lich
 78666 | Zot:5    | Noticed a Killer Klown
 78668 | Zot:5    | Killed a Killer Klown
 78669 | Zot:5    | Reached skill level 10 in Evocations
 78942 | Zot:5    | Reached skill level 15 in Shields
 78947 | Zot:5    | Noticed an orb of fire
 78952 | Zot:5    | Killed an orb of fire
 78959 | Zot:5    | Noticed a Killer Klown
 78959 | Zot:5    | Noticed a Killer Klown
 78959 | Zot:5    | Killed a Killer Klown
 78963 | Zot:5    | Killed a Killer Klown
 78966 | Zot:5    | Noticed an ancient lich
 78966 | Zot:5    | Noticed an orb of fire
 78968 | Zot:5    | Killed an ancient lich
 78971 | Zot:5    | Killed a Killer Klown
 78972 | Zot:5    | Reached skill level 15 in Armour
 79317 | Zot:5    | Noticed an ancient lich
 79321 | Zot:5    | Killed an ancient lich
 79327 | Zot:5    | Noticed a Killer Klown
 79329 | Zot:5    | Killed a Killer Klown
 79329 | Zot:5    | Noticed a Killer Klown
 79332 | Zot:5    | Killed a Killer Klown
 79332 | Zot:5    | Killed an orb of fire
 79358 | Zot:5    | Noticed a Killer Klown
 79360 | Zot:5    | Killed a Killer Klown
 79499 | Zot:5    | Noticed a Killer Klown
 79501 | Zot:5    | Killed a Killer Klown
 79994 | Zot:5    | Noticed a Killer Klown
 79997 | Zot:5    | Killed a Killer Klown
 80447 | Zot:5    | Got the Orb of Zot
 80856 | D:$      | Escaped with the Orb!

Illustrated notes

Levels and vault maps discovered:
D:1:      dpeg_arrival_pits, layout_basic
D:2:      minmay_chambers_of_ones, layout_loops_ring, serial_co_window_serial,
          co_window_corner_a, co_window_paths_b, co_window_of_opportunity_a,
          co_window_of_opportunity_a, co_window_paths_b, co_window_broadway_a,
          co_window_broadway_c, co_window_paths_c, co_window_4corner_a,
          co_window_4corner_b, glass_columns_a, uniq_sigmund,
          uniq_crazy_yiuf_cottage
D:3:      layout_basic, mainiacjoe_overflow_large_starburst, chequers_garden
D:4:      minmay_evil_eye, layout_loops_ring, trog_ov_bears_minmay,
          nicolae_yredelemnul_corpse_copse, tgw_fedhas,
          nicolae_concentric_dashed_squares_wild, uniq_grinder, uniq_ijyb
D:5:      layout_cave_pools, mainiacjoe_overflow_concentric_impassable,
          minmay_temple_entry_mist, enter_ossuary_2, gammafunk_ghost_arena
D:6:      layout_basic, gup_sewer_entry_pipe, minivault_24, uniq_edmund
D:7:      kennysheep_six_static_rooms, layout_loops_corners,
          mainiacjoe_overflow_boulevard, lemuel_tele_altar, serial_shops, shop,
          shop, patterned_corridor
D:8:      layout_cave_pools, grunt_gozag_breadcrumbs, serial_ice, serial_ice_l,
          serial_ice_c, serial_ice_n, serial_ice_a, eino_tiny_chamber,
          kennysheep_generic_room_7
D:9:      layout_rooms, lemuel_crystal_altar, enter_bailey_4
D:10:     nicolae_cairo_tiling_large, layout_grid_maze,
          erik_lair_orcish_takeover
D:11:     layout_irregular_city, eino_house_with_fridge
D:12:     layout_irregular_city, uniq_lodul
D:13:     layout_basic, skrybe_vaults_entry_preservation, gammafunk_ghost_crypt,
          tgw_lugonu_bribe
D:14:     layout_roguey, xom_redecorated, hangedman_feature_mirror
D:15:     gammafunk_depths_entry_grave, layout_gridville,
          minmay_misc_feat_secret_circle, uniq_roxanne
Temple:   hc_temple_tempest_star
Lair:1:   layout_roguey, grunt_megastairs_3, infiniplex_staircase_pool
Lair:2:   layout_loops_ring, elwin_shoals_entry_rocks,
          hangedman_lair_generics_rect, serial_bayou_shore_a, lemuel_fruit_tree,
          serial_bayou_shore_b, uniq_harold
Lair:3:   layout_chaotic_city, guppyfry_snake_entry_island, uniq_nergalle,
          uniq_amaemon
Lair:4:   layout_hall_layers, forest_entry_grove, serial_bayou_shore_b,
          grunt_megastairs_2
Lair:5:   hellmonk_lair_end_abyssal_woods, layout_misc_corridors, slime_entry_1,
          kilobyte_rumbling_trees, serial_bayou_shore_b
Shoals:1: layout_shoals, nicolae_shoals_aquamancer_cove
Shoals:2: layout_shoals, serial_shops, shop, shop, shop, uniq_ilsuiw
Shoals:3: layout_shoals, nicolae_shoals_nymph_descending_staircase,
          uniq_bai_suzhen
Shoals:4: shoals_end_grunt_ice, layout_shoals, lemuel_oklob_altar,
          uniq_polyphemus
Snake:1:  layout_basic
Snake:2:  layout_basic, serial_shops, nicolae_shop_scrapyard,
          nicolae_shop_clearance, minmay_shoptagon
Snake:3:  layout_onion, uniq_saint_roka
Snake:4:  grunt_snake_rune_serpentine_throne, layout_gridlike,
          nicolae_snake_gridmaze_tees, uniq_vashnia
Orc:1:    layout_diamond_mine, led_sif_book
Orc:2:    st_orc_rangers, layout_caves, serial_shops, shop_fountains,
          nicolae_shop_bloodbath_and_beyond, nicolae_diamond_shop, shop, shop
Elf:1:    elf_arrival_001, layout_geoelf_diagonals, minivault_28
Elf:2:    nicolae_elf_blades_splatter_lattice [mumra_blade_entry_dagger],
          layout_geoelf_octagon, serial_shops, shop, st_stairs_8,
          nicolae_gammafunk_elf_defective_weapons_storage
Elf:3:    minmay_elf_hall_circle, layout_rooms, einodemon_crawler_minivault
Vaults:1: nicolae_vaults_tangram_2, nicolae_vaults_little_squares_6,
          vaults_dpeg_cross, nicolae_vaults_closet_pinwheel_5,
          nicolae_vaults_tetromino_T_1, nicolae_vaults_variable_pillar_hall,
          nicolae_vaults_sealed_display, nicolae_vaults_stand_back,
          vaults_room_grunt_arrival_ludios, nicolae_vaults_circle_grid_b,
          layout_vaults_quadrants, serial_shops, nicolae_shop_mannequins,
          uniq_zenata
Vaults:2: vaults_room_pool, nicolae_vaults_tetromino_T_2,
          ontoclasm_vaults_tryst, nicolae_vaults_big_angled_halls,
          grunt_vaults_twisty, ontoclasm_vaults_pinch, vaults_room_ringed_pool,
          vaults_room_fancy_cross, nicolae_vaults_house_3, ontoclasm_vaults_eye,
          nicolae_vaults_mini_display_case, layout_vaults_ring
Vaults:3: vaults_room_boxed, nicolae_vaults_trapezoid_layered,
          nicolae_vaults_more_shelving_1, nicolae_vaults_theta,
          vaults_room_fours, v_misc_11, grunt_vaults_diagonal,
          nicolae_vaults_storage_closets_3, ontoclasm_vaults_shout,
          nicolae_vaults_trapezoid_2, nicolae_vaults_variable_pillar_hall,
          vaults_room_pool, minmay_crypt_entry_simple_box, vaults_dpeg_ring,
          layout_vaults_chaotic_city
Vaults:4: nicolae_vaults_asterisk, nicolae_vaults_little_squares_4,
          vaults_standard_mumra_lines, nicolae_vaults_meiosis,
          nicolae_vaults_big_angled_halls, v_rooms_4, nicolae_vaults_meeting,
          nicolae_vaults_little_squares_1, nicolae_vaults_weapon_check,
          hangedman_vaults_hat, nicolae_vaults_cornered_office,
          layout_vaults_maze_bifur, enter_trove_2
Vaults:5
Crypt:1:  layout_misc_corridors, grunt_crypt_arrival_split, uniq_xtahua,
          uniq_mennas
Crypt:2:  layout_gridlike, ebering_ghost_inner_flame, grunt_megastairs_1
Crypt:3:  lightli_unholy_cathedral, layout_chaotic_city,
          nicolae_tomb_entry_grand_gallery
Depths:1: layout_cave_pools, hangedman_abyss_entry_splay, hellmouth_3,
          minivault_10, corexii_hall_statues_l, slow_altar_2
Depths:2: minmay_isolated_rectangles_in_corner, layout_long_grid,
          hangedman_abyss_or_decor_stagger, hell_entry, abyss_entry,
          rand_demon_pan_entry_9, chequers_serial_rivers_room_b,
          infiniplex_staircase_zigzag_5, grunt_megastairs_4, uniq_josephina
Depths:3: vault_1, layout_twisted_cross, enter_ziggurat_d,
          chequers_serial_rivers_small_b, lightli_too_deep,
          abyss_entry_flame_altar, pan_entry
Depths:4: grunt_zot_entry_bicorn, layout_gridlike, pf_dread_powers_of_hell,
          gammafunk_ghost_berserking_beasts, nicolae_ashenzari_skybound,
          uniq_parghit, uniq_grunn
Zot:1:    layout_cathedral_of_symmetry, hangedman_zot_diagonal_lockstep
Zot:2:    layout_onion_interference
Zot:3:    layout_concentric_octagons
Zot:4:    hellmonk_paralyzer, layout_gridlike, guppyfry_library_mini
Zot:5:    layout_basic

Skill      XL: |  1  2  3  4  5  6  7  8  9 10 11 12 13 14 15 16 17 18 19 20 21 22 23 24 25 26 27 |
---------------+----------------------------------------------------------------------------------+-----
Spellcasting   | 4 5 6 7 8 9 11 12 13 14 15 16 17 18 19 21 22 24 25 | 25.0
Fighting       | 4 7 10 12 13 14 16 18 19 | 19.8
Shields        | 5 7 10 16 | 16.6
Dodging        | 7 12 13 14 17 19 24 | 24.3
Armour         | 5 6 9 10 16 | 16.4
Stealth        | 5 9 12 14 | 14.0
Evocations     | 12 | 12.0

Action                     |  1- 3 |  4- 6 |  7- 9 | 10-12 | 13-15 | 16-18 | 19-21 | 22-24 | 25-27 || total
---------------------------+-------+-------+-------+-------+-------+-------+-------+-------+-------++-------
  Melee: Unarmed           |       |     1 |     9 |       |       |       |       |       |       ||    10
         Staff             |       |       |       |       |       |     3 |     4 |       |       ||     7
   Cast: Magic Dart        |    57 |    41 |   228 |    34 |     6 |     1 |     1 |       |       ||   368
         Summon Small Mamm |     1 |     2 |       |       |       |     1 |       |       |       ||     4
         Fulminant Prism   |       |    11 |    26 |   153 |   238 |   404 |   290 |    32 |    35 ||  1189
         Iskenderun's Myst |       |       |    34 |    74 |   207 |   209 |   205 |   137 |   150 ||  1016
         Arcjolt           |       |       |       |       |     3 |       |       |       |       ||     3
         Death Channel     |       |       |       |       |     1 |       |       |       |       ||     1
         Summon Cactus Gia |       |       |       |       |       |       |    17 |     2 |    10 ||    29
         Ignition          |       |       |       |       |       |       |   149 |   495 |   555 ||  1199
         Summon Ice Beast  |       |       |       |       |       |       |     1 |     2 |       ||     3
         Infestation       |       |       |       |       |       |       |       |       |    60 ||    60
         Summon Hydra      |       |       |       |       |       |       |       |       |    14 ||    14
         Fire Storm        |       |       |       |       |       |       |       |       |   361 ||   361
 Invoke: Curse Item        |       |       |       |     3 |     5 |     1 |     2 |     1 |     3 ||    15
         Shatter the Chain |       |       |       |       |       |       |     3 |       |     3 ||     6
  Evoke: Wand              |       |       |       |       |       |       |       |       |     1 ||     1
    Use: Scroll            |       |       |    12 |     7 |     5 |     2 |     1 |     1 |    11 ||    39
         Potion            |       |       |       |     2 |     2 |       |     4 |     1 |     1 ||    10
 Armour: Robe              |     5 |     2 |     5 |     4 |    13 |    12 |    14 |    21 |    20 ||    96
         Leather armour    |       |       |       |       |       |       |       |       |    12 ||    12
  Dodge: Dodged            |     6 |     4 |    15 |    38 |   114 |   204 |    82 |    99 |   132 ||   694
  Block: Buckler           |       |       |       |     2 |    49 |    63 |    21 |       |       ||   135
         Kite shield       |       |       |       |       |       |       |    31 |    79 |   100 ||   210
